 Dungeon Crawl Stone Soup version 0.28-b1-25-g9875b3fc8c (webtiles) character file.

Game seed: 14703510460146770458

209 theswoord the Twirler (level 5, -3/38 HPs)
             Began as a Demonspawn Gladiator on Feb 5, 2022.
             Slain by a wyvern zombie (9 damage)
             ... on level 4 of the Dungeon.
             The game lasted 00:05:41 (2561 turns).

theswoord the Twirler (Demonspawn Gladiator)        Turns: 2561, Time: 00:05:42

Health: -3/38      AC:  9    Str: 22    XL:     5   Next: 55%
Magic:  5/5        EV: 11    Int: 10    God:
Gold:   88         SH:  0    Dex: 14    Spells: 4/4 levels left

rFire   + . .      SeeInvis .   a - +0 quarterstaff
rCold   . . .      Faith    .   (shield currently unavailable)
rNeg    . . .      Spirit   .   p - +2 ring mail {rF+}
rPois   .          Reflect  .   c - +0 helmet
rElec   .          Harm     .   h - scarf {shadows}
rCorr   .          Rampage  .   g - +0 pair of gloves
Will    .....                   (no boots)
Stlth   +.........              (no amulet)
HPRegen 0.12/turn               n - +6 ring of strength
MPRegen 0.09/turn               (no ring)

@: no status effects
A: claws 1, ignite blood 1, powered by death 1
a: no special abilities


You were on level 4 of the Dungeon.
You visited 1 branch of the dungeon, and saw 4 of its levels.

You collected 88 gold pieces.

Inventory:

Hand Weapons
 a - a +0 quarterstaff (weapon)
Missiles
 d - 3 throwing nets (quivered)
Armour
 b - a +0 leather armour
 c - a +0 helmet (worn)
 g - a +0 pair of gloves (worn)
 h - a scarf of shadows (worn)
 p - a +2 ring mail of fire resistance (worn)
Jewellery
 n - a +6 ring of strength (left hand)
Scrolls
 f - 7 scrolls of identify
 i - 2 scrolls of magic mapping {unknown}
 j - 2 scrolls of teleportation {unknown}
 m - a scroll of summoning {unknown}
 o - a scroll of vulnerability {unknown}
Potions
 e - a potion of mutation
 k - a potion of degeneration


   Skills:
 - Level 2.0 Fighting
 + Level 5.8 Staves
 - Level 1.7 Throwing
 - Level 2.6 Dodging


You had 4 spell levels left.
You didn't know any spells.
Your spell library was empty.

Dungeon Overview and Level Annotations

Branches:
Dungeon (4/15)
 Temple: D:4-7

Altars:
Zin


Innate Abilities, Weirdness & Mutations

You have sharp fingernails.
Your demonic aura sometimes causes spilled blood to erupt in flames.
You regenerate a little health from kills.


Message History

You closely miss the iguana.
The iguana is almost dead.
The iguana bites you.
You completely miss the iguana.
The iguana is almost dead.
The iguana bites you.
* * * LOW HITPOINT WARNING * * *
You sock the iguana!
You kill the iguana!
No target in view!
A wyvern zombie comes into view.
A wyvern zombie is nearby!
A wyvern zombie is nearby!
Found 4 poisoned darts.
The wyvern zombie bites you.
You hit the wyvern zombie but do no damage.
The wyvern zombie bites you but does no damage.
The wyvern zombie bites you.
You hit the wyvern zombie.
The wyvern zombie is lightly damaged.
The wyvern zombie bites you.
* * * LOW HITPOINT WARNING * * *
You sock the wyvern zombie!
The wyvern zombie is moderately damaged.
The wyvern zombie bites you!
* * * LOW HITPOINT WARNING * * *
You hit the wyvern zombie.
The wyvern zombie is moderately damaged.
The wyvern zombie bites you.
* * * LOW HITPOINT WARNING * * *
The wyvern zombie closely misses you.
You feel better. The wyvern zombie bites you.
* * * LOW HITPOINT WARNING * * *
You barely miss the wyvern zombie.
The wyvern zombie is moderately damaged.
The wyvern zombie bites you.
* * * LOW HITPOINT WARNING * * *
You sock the wyvern zombie!
The wyvern zombie is heavily damaged.
The wyvern zombie bites you!
You die...

#.........#
#...#.....##.
#...##.#.....
.....##.#...#.
..#####.#....#
....##.......#
......)......
........##...
...#..@......
##....Z?.....
##....[####.
#...##.. #....
... ..#.# ....
.#(. .....


You could see a wyvern zombie.

Vanquished Creatures
  A bullfrog skeleton (D:4)
  An orc wizard (D:3)
  An iguana (D:4)
  4 gnolls
  2 adders (D:2)
  2 dart slugs
  4 orcs
  6 bats
  3 endoplasms
  4 giant cockroaches
  7 goblins
  9 hobgoblins
  3 jackals (D:1)
  A quokka (D:2)
  6 ball pythons
  3 frilled lizards (D:1)
  5 kobolds
  8 rats
70 creatures vanquished.

Notes
Turn   | Place    | Note
-------+----------+-------------------------------------------
     0 | D:1      | theswoord the Demonspawn Gladiator began the quest for the
                  | Orb.
     0 | D:1      | Reached XP level 1. HP: 16/16 MP: 1/1
    16 | D:1      | Reached skill level 3 in Staves
    76 | D:1      | Gained mutation: You regenerate a little health from kills.
                  | [demonic ancestry]
    76 | D:1      | Reached XP level 2. HP: 20/22 MP: 2/2
   656 | D:1      | Reached XP level 3. HP: 27/27 MP: 3/3
   834 | D:2      | Reached skill level 4 in Staves
  1468 | D:1      | Gained mutation: Your demonic aura sometimes causes spilled
                  | blood to erupt in flames. [demonic ancestry]
  1468 | D:1      | Reached XP level 4. HP: 24/33 MP: 4/4
  1707 | D:2      | Found a faded altar of an unknown god.
  1938 | D:2      | Reached skill level 5 in Staves
  2069 | D:3      | Gained mutation: You have sharp fingernails. [demonic
                  | ancestry]
  2069 | D:3      | Reached XP level 5. HP: 24/38 MP: 5/5
  2561 | D:4      | Slain by a wyvern zombie

Skill      XL: |  1  2  3  4 |
---------------+-------------+-----
Staves         | 3 4 5 |  5.8
Fighting       | |  2.0
Throwing       | |  1.7
Dodging        | |  2.6

Action                   |  1- 3 |  4- 6 || total
-------------------------+-------+-------++-------
Melee: Quarterstaff      |   112 |    98 ||   210
  Use: Scroll            |       |     3 ||     3
       Potion            |       |     1 ||     1
 Stab: Sleeping          |     1 |       ||     1
       Distracted        |       |     1 ||     1
Armor: Leather armour    |    49 |    17 ||    66
       Ring mail         |       |    20 ||    20
Dodge: Dodged            |    99 |    49 ||   148

Levels and vault maps discovered:
D:1:      dpeg_arrival_tiny_j, layout_basic, hex_medium,
          minmay_misc_feat_encased, minmay_split_cup_large
D:2:      layout_basic, basic_ecumenical_altar, basic_altar
D:3:      layout_rooms
D:4:      layout_rooms, lemuel_round_altar
